Light Vehicles gone wrong (gone s*xual?)

Match 23622765
End
Construct Weapon Support Center
Engineer Squad
Selects Special Operations Battlegroup
Selects M29 Weasel Recon Vehicle
M29 Weasel Recon Vehicle
Mechanized Support Center
Selects Raiding Flares
M3 Armored Personnel Carrier
Engineer Squad
Construct Motor Pool
M8 Greyhound Armored Car
Improvised Armor
Selects SSF Commando Squad
SSF Commando Squad
Designate Forward Repair Station
M8 Greyhound Armored Car
SSF Commando Squad
Selects Mark Vehicle
SSF Commando Squad
Improved M9 Bazooka Rockets
M8 Greyhound Armored Car
Mark Vehicle
SSF Commando Squad
Mark Vehicle
SSF Commando Squad
Selects Air Re-supply Operation
M1 Anti-tank Gun Team
Bazooka Squad
Unix
NickLik
ServiceMinoru
豪师傅
Cameltoe Joe
Skabinsk
A Sassy Badger
WilllTHENOOBz
0
0

Comments sign in to comment!

No comments posted yet!